 Dungeon Crawl Stone Soup version 0.31-a0-744-gbc345e7fcb (webtiles) character file.

Game seed: 10730795685914643766

3483 javelincjr the Covert (level 10, -3/56 HPs)
             Began as an Octopode Conjurer on Sept 13, 2023.
             Was an Elder of Sif Muna.
             Slain by a polar bear (7 damage)
             ... on level 8 of the Dungeon.
             The game lasted 00:52:15 (10019 turns).

javelincjr the Covert (Octopode Conjurer)          Turns: 10019, Time: 00:52:15

Health: -3/56      AC:  1    Str:  8    XL:     10   Next: 7%
Magic:  2/18       EV: 19    Int: 24    God:    Sif Muna [****..]
Gold:   429        SH:  0    Dex: 10    Spells: 13/20 levels left

rFire   . . .        c - +0 dagger (venom)
rCold   . . .        (no shield)
rNeg    + . .        (helmet restricted)
rPois   .            r - amulet of magic regeneration
rElec   .            e - ring of positive energy
rCorr   .            i - +5 ring of evasion
SInv    .            (no ring)
Will    .....        (no ring)
Stlth   +++++        (no ring)
HPRegen 0.29/turn    (no ring)
MPRegen 0.56/turn    (no ring)
                     (no ring)

%: no passive effects
@: no status effects
A: almost no armour, amphibious, 8 rings, camouflage 1, gelatinous body 1,
(nimble swimmer 1), tentacles
a: Renounce Religion, Channel Magic, Forget Spell, Divine Exegesis


You were on level 8 of the Dungeon.
You worshipped Sif Muna.
Sif Muna was greatly pleased with you.
You visited 2 branches of the dungeon, and saw 9 of its levels.
You also visited: Sewer and Ossuary.

You collected 532 gold pieces.
You spent 103 gold pieces at shops.

Inventory:

Hand Weapons
 c - a +0 dagger of venom (weapon)
 q - a +3 heavy dagger
Missiles
 x - a throwing net
 I - a curare-tipped dart
Armour
 o - an orb of energy
Magical Staves
 l - a staff of cold
 H - a staff of poison
Jewellery
 e - a ring of positive energy (left tentacle)
 i - a +5 ring of evasion (right tentacle)
 r - an amulet of magic regeneration (around mantle)
Wands
 y - a wand of charming (4)
 B - a wand of polymorph (6)
 G - a wand of quicksilver (10)
 J - a wand of flame (24)
Scrolls
 b - a scroll of noise
 f - 2 scrolls of immolation
 h - 4 scrolls of amnesia
 n - 3 scrolls of teleportation
 t - a scroll of blinking
 u - a scroll of fog {unknown}
 w - 3 scrolls of poison
 D - 3 scrolls of revelation
 F - a scroll of torment {unknown}
Potions
 a - 3 potions of magic
 d - 2 potions of attraction
 g - 2 potions of heal wounds
 j - 5 potions of curing
 k - a potion of brilliance
 m - a potion of berserk rage
 p - a potion of lignification {unknown}
 s - 2 potions of might
 v - 3 potions of haste
 z - 2 potions of degeneration {unknown}
 A - a potion of cancellation {unknown}
 C - a potion of enlightenment {unknown}
 E - a potion of mutation {unknown}


   Skills:
 + Level 6.0 Dodging
 + Level 8.8 Stealth
 + Level 5.5 Spellcasting
 + Level 7.0 Conjurations
 + Level 5.2 Summonings
 + Level 4.4 Invocations
 + Level 4.2 Evocations


You had 13 spell levels left.
You knew the following spells:

 Your Spells              Type           Power      Damage    Failure   Level
a - Magic Dart            Conj           100%       1d8       1%          1
b - Searing Ray           Conj           80%        2d7       1%          2
c - Call Imp              Summ           62%        N/A       1%          2
d - Scorch                Fire           12%        2d5       13%         2

Your spell library contained the following spells:

 Spells                   Type           Power      Damage    Failure   Level
 Kiss of Death            Conj/Necr      92%        2d12      1%          1
 Dazzling Flash           Conj/Hex       46%        N/A       6%          3
 Slow                     Hex            24%        N/A       9%          1
 Mephitic Cloud           Conj/Pois/Air  17%        N/A       10%         3
 Blink                    Tloc           12%        N/A       13%         2
 Iskenderun's Battlesphe  Conj           40%        2d9       13%         5
 Flame Wave               Conj/Fire      23%        2d8       21%         4
 Fulminant Prism          Conj/Hex       11%        3d8       21%         4
 Iskenderun's Mystic Bla  Conj/Tloc      23%        2d6       21%         4
 Confusing Touch          Hex            6%         N/A       26%         3
 Ozocubu's Armour         Ice            6%         N/A       26%         3
 Sigil of Binding         Hex            6%         N/A       26%         3
 Vampiric Draining        Necr           6%         2d6       26%         3
 Fireball                 Conj/Fire      11%        3d7       50%         5
 Dispel Undead            Necr           6%         3d8       63%         4
 Manifold Assault         Tloc           6%         N/A       63%         4
 Summon Cactus Giant      Summ           15%        N/A       83%         6
 Metabolic Englaciation   Hex/Ice        3%         N/A       93%         5
 Conjure Ball Lightning   Conj/Air       11%        3x3d6     97%         6
 Orb of Destruction       Conj           20%        9d8       99%         7
 Dispersal                Tloc           3%         N/A       100%        6
 Simulacrum               Ice/Necr       3%         N/A       100%        6
 Disjunction              Tloc           3%         N/A       100%        8


Dungeon Overview and Level Annotations

Branches:
Dungeon (8/15)             Temple (1/1) D:6           Sewer (visited)
Ossuary (visited)
   Lair: D:8-11

Altars:
Ashenzari
Cheibriados
Dithmenos
Fedhas
Gozag
Hepliaklqana
Makhleb
Nemelex Xobeh
Okawaru
Qazlal
Ru
Sif Muna
Trog
Uskayaw
Vehumet
Wu Jian
Xom

Shops:
D:4 *!


Innate Abilities, Weirdness & Mutations

You cannot wear most types of armour.
You are amphibious.
You can wear up to eight rings at the same time.
Your skin changes colour to match your surroundings (Stealth+).
Your rubbery body absorbs attacks. (AC +1, EV +1)
((You are camouflaged when in or above water. (Stealth+)))
You have tentacles for arms and can constrict up to eight enemies at once.


Message History

Casting: Scorch (safe; 13% risk of failure)
Confirm with . or Enter, or press ? or * to list all spells.
Flames lash the polar bear but do no damage.
The polar bear bites you but does no damage.
The polar bear completely misses you. The polar bear claws you.
The polar bear completely misses you. The polar bear closely misses you.
The polar bear claws you.
Casting: Scorch (safe; 13% risk of failure)
Confirm with . or Enter, or press ? or * to list all spells.
Flames lash the polar bear.
The polar bear is burned terribly!
The polar bear is almost dead.
The polar bear closely misses you. The polar bear completely misses you.
The polar bear barely misses you.
Casting: Scorch (safe; 13% risk of failure)
Confirm with . or Enter, or press ? or * to list all spells.
Flames lash the polar bear.
The polar bear is burned terribly!
The polar bear is almost dead.
The polar bear closely misses you. x2; The polar bear barely misses you.
The polar bear bites you! The polar bear misses you. The polar bear claws you.
You hit the polar bear but do no damage.
The polar bear is poisoned.
The polar bear is almost dead.
The polar bear misses you.
The polar bear claws you but does no damage.
The polar bear misses you.
You hit the polar bear but do no damage.
The polar bear looks as sick as possible!
The polar bear is almost dead.
The polar bear closely misses you. The polar bear misses you.
The polar bear claws you.
* * * LOW HITPOINT WARNING * * *
The polar bear barely misses you. The polar bear completely misses you.
The polar bear claws you.
* * * LOW HITPOINT WARNING * * *
You barely miss the polar bear.
The polar bear is almost dead.
The polar bear misses you. The polar bear claws you.
* * * LOW HITPOINT WARNING * * *
The polar bear claws you!
You die...

.. #### ### ...P... #
##..# ..# ..PPPP#..
.##...##..#
......P#.#.##....#.#
.....§....##.......#
# #...._.#......@h..#
#.#.P.............<##
#...P.PP.§..#..##).#
#......#..#.##...#
#.......P...##...#
####...######...##
#..## ###...#
##.####......#
##)#.........#


You could see a polar bear (berserk, extremely poisoned, combustible).

Vanquished Creatures
  Sigmund (D:2)
  Eustachio (D:4)
  A water moccasin (D:6)
  A sky beast (D:7)
  An orc warrior (D:6)
  A black bear (D:6)
  3 ice beasts
  4 ogres
  2 centaurs
  3 kobold brigands
  Blork the orc (D:4)
  3 scorpions
  A gnoll sergeant (D:3)
  A hornet simulacrum (D:8)
  8 killer bees (D:7)
  An electric eel (D:6)
  2 jellies
  An orc priest (D:3)
  A gnoll bouda (D:6)
  2 hounds
  A sleepcap (D:6)
  5 iguanas
  4 orc wizards
  15 gnolls
  3 river rats (Sewer)
  9 adders
  A shadow imp (D:6)
  A white imp (D:6)
  An ufetubus (D:5)
  A worm (D:3)
  A dart slug (D:3)
  18 orcs
  3 spectral bats (Ossuary)
  12 ball pythons
  8 bats
  8 endoplasms
  4 giant cockroaches
  11 gnoll zombies (Ossuary)
  3 goblins (D:1)
  6 hobgoblins
  13 jackals
  20 kobolds
  2 quokkas
  5 frilled lizards
  5 goblin simulacra (Ossuary)
  4 goblin zombies (Ossuary)
  6 hobgoblin zombies (Ossuary)
  A kobold simulacrum (Ossuary)
  A kobold zombie (Ossuary)
  5 orc zombies (Ossuary)
  9 rats
  3 rat simulacra (Ossuary)
  2 spectral goblins (Ossuary)
  2 spectral kobolds (Ossuary)
  3 spectral rats (Ossuary)
235 creatures vanquished.

Vanquished Creatures (collateral kills)
  A bullfrog (D:7)
  A gnoll sergeant (D:6)
  A jelly (D:7)
  An orc wizard (D:6)
  A mummy (Ossuary)
  A gnoll (D:3)
  A dart slug (D:2)
  2 orcs (D:3)
  A bat (D:4)
  An endoplasm (D:3)
  A hobgoblin (D:4)
  4 jackals
  A quokka (D:2)
  A gnoll zombie (Ossuary)
  A hobgoblin zombie (Ossuary)
  An orc zombie (Ossuary)
20 creatures vanquished.

Grand Total: 255 creatures vanquished

Notes
Turn   | Place    | Note
-------+----------+-------------------------------------------
     0 | D:1      | javelincjr the Octopode Conjurer began the quest for the
                  | Orb.
     0 | D:1      | Reached XP level 1. HP: 11/11 MP: 3/3
   201 | D:1      | Reached skill level 3 in Stealth
   201 | D:1      | Reached XP level 2. HP: 17/17 MP: 3/5
   444 | D:1      | You fall into a shaft and drop 1 floor!
   560 | D:2      | Reached XP level 3. HP: 21/21 MP: 3/6
   568 | D:2      | Learned a level 2 spell: Searing Ray
  1453 | D:2      | Learned a level 2 spell: Call Imp
  1943 | D:2      | Reached XP level 4. HP: 27/27 MP: 5/7
  2044 | D:2      | Noticed Sigmund
  2177 | D:2      | Killed Sigmund
  2178 | D:2      | Reached skill level 4 in Stealth
  2178 | D:2      | Reached skill level 1 in Summonings
  2178 | D:2      | Reached XP level 5. HP: 31/31 MP: 1/9
  2470 | D:3      | Noticed a kobold brigand
  2568 | D:3      | Killed a kobold brigand
  2569 | D:3      | Reached XP level 6. HP: 4/36 MP: 1/10
  2923 | D:3      | Reached skill level 5 in Stealth
  2923 | D:3      | Reached skill level 5 in Conjurations
  3412 | D:3      | Found a snail-covered altar of Cheibriados.
  3655 | D:3      | Found a shimmering blue altar of Sif Muna.
  3660 | D:3      | Became a worshipper of Sif Muna the Loreminder
  3670 | D:3      | Reached XP level 7. HP: 41/41 MP: 5/12
  4066 | D:4      | Noticed Blork the orc
  4075 | D:4      | Killed Blork the orc
  4150 | D:4      | Identified a scroll of acquirement
  4150 | D:4      | Acquired a book of the Spheres
  4240 | D:4      | Noticed Eustachio
  4252 | D:4      | Killed Eustachio
  4253 | D:4      | Reached skill level 6 in Stealth
  4253 | D:4      | Reached skill level 1 in Invocations
  4319 | D:4      | Found Oloymyra's Assorted Antiques.
  4321 | D:4      | Reached XP level 8. HP: 46/46 MP: 14/14
  4331 | D:4      | Bought 2 orange potions for 50 gold pieces
  4331 | D:4      | Bought a scroll labelled ECENOD SAOLI for 28 gold pieces
  4331 | D:4      | Bought a black potion for 25 gold pieces
  4380 | D:4      | Acquired an orb of energy
  4400 | D:4      | Found a glowing drain.
  4427 | Sewer    | Entered a sewer
  4528 | Sewer    | Reached * piety under Sif Muna
  4734 | Sewer    | Reached skill level 1 in Evocations
  5556 | D:4      | Found Guiraet's Distillery.
  5692 | D:5      | Entered Level 5 of the Dungeon
  5761 | D:5      | Found a stormy altar of Qazlal.
  5836 | D:5      | Reached ** piety under Sif Muna
  5896 | D:5      | Reached skill level 7 in Stealth
  5946 | D:5      | Found a broken altar of Ashenzari.
  6027 | D:5      | Found a hide-covered altar of Uskayaw.
  6082 | D:5      | Found a sand-covered staircase.
  6087 | Ossuary  | Entered an ossuary
  6382 | Ossuary  | Reached *** piety under Sif Muna
  6978 | D:6      | HP: 1/46 [orc warrior/+0 glaive (9)]
  7151 | D:6      | Reached skill level 5 in Dodging
  7151 | D:6      | Reached XP level 9. HP: 37/51 MP: 11/16
  7457 | D:6      | Found a staircase to the Ecumenical Temple.
  7482 | Temple   | Entered the Ecumenical Temple
  7837 | D:6      | Learned a level 2 spell: Scorch
  7867 | D:6      | Reached skill level 5 in Spellcasting
  8197 | D:6      | Reached skill level 8 in Stealth
  8216 | D:6      | Found a blossoming altar of Fedhas.
  8376 | D:7      | Reached **** piety under Sif Muna
  9132 | D:7      | Reached skill level 5 in Summonings
  9549 | D:7      | Reached XP level 10. HP: 48/56 MP: 18/18
  9791 | D:8      | Found a hazy altar of Hepliaklqana.
 10019 | D:8      | Slain by a polar bear

Illustrated notes

Levels and vault maps discovered:
D:1:      eino_arrival_cavern_a, layout_basic, chequers_serial_rivers_micro_d
D:2:      layout_loops_corners, uniq_sigmund
D:3:      cheibrodos_thug_alley, layout_rooms, old_standard_altar, led_sif_book,
          st_stairs_1, grunt_ministairs_15
D:4:      kb_forest_paths, layout_basic, serial_shops,
          nicolae_shop_window_shopping, nicolae_shop_waterfront,
          cheibrodos_sewer_entry_sluice, uniq_eustachio, uniq_blork_the_orc
D:5:      layout_basic, nicolae_ashenzari_skybound,
          mainiacjoe_overflow_alcove_1, amcnicky_altar_gilded, enter_ossuary_5
D:6:      layout_basic, mainiacjoe_overflow_surrounded_room,
          minmay_temple_entry_overgrown, hangedman_decor_growths,
          amcnicky_mini_pool_small, serial_bayou_pond_b
D:7:      layout_basic
D:8:      layout_cave_pods, nicolae_hepliaklqana_hazy_memory,
          kennysheep_mini_moat, mainiacjoe_overflow_catwalk, serial_ice,
          serial_ice_i, serial_ice_c, serial_ice_f, serial_ice_h, serial_ice_b,
          serial_ice_a, serial_ice_n, serial_ice_o, serial_ice_m, serial_ice_e,
          uniq_joseph
Temple:   compressed_dpeg_circular_temple

Skill      XL: |  1  2  3  4  5  6  7  8  9 10 |
---------------+-------------------------------+-----
Stealth        | 3 4 5 6 7 8 |  8.8
Dodging        | 3 4 5 6 |  6.0
Spellcasting   | 3 4 5 |  5.5
Summonings     | 1 2 3 4 5 |  5.2
Conjurations   | 5 6 7 |  7.0
Invocations    | 1 2 4 |  4.4
Evocations     | 2 4 |  4.2

Action                     |  1- 3 |  4- 6 |  7- 9 | 10-12 || total
---------------------------+-------+-------+-------+-------++-------
  Melee: Dagger            |    28 |    10 |   122 |     3 ||   163
         Constrict         |     7 |     4 |    36 |       ||    47
         Tentacles         |     6 |     3 |    40 |       ||    49
         Punch             |       |       |     6 |       ||     6
   Cast: Magic Dart        |    37 |    64 |   205 |     4 ||   310
         Call Imp          |     6 |    14 |    31 |     3 ||    54
         Searing Ray       |     2 |     7 |    56 |     3 ||    68
         Scorch            |       |       |       |    12 ||    12
    Use: Scroll            |       |     3 |    16 |       ||    19
   Stab: Sleeping          |     7 |       |     7 |       ||    14
 Armour: Skin              |    11 |     8 |    55 |    18 ||    92
  Dodge: Dodged            |    17 |    18 |   165 |    38 ||   238

Table legend: (Time is in decaauts)
 A = Elapsed time spent in this place.
 B = Non-inter-level travel time spent in this place.
 C = Inter-level travel time spent in this place.
 D = Time resting spent in this place.
 E = Time spent auto-exploring this place.
 F = Levels seen in this place.
 G = Mean time per level.
                   A        B        C        D        E       F      G
               +--------+--------+--------+--------+--------+-----+--------+
         Total |  10020 |   9729 |    291 |   1119 |   6085 |  11 |  910.9 |
       Dungeon |   8865 |   8574 |    291 |   1067 |   5513 |   8 | 1108.1 |
        Temple |      2 |      2 |      0 |      0 |      0 |   1 |    2.0 |
         Sewer |    649 |    649 |      0 |      0 |    347 |   1 |  649.0 |
       Ossuary |    502 |    502 |      0 |     52 |    225 |   1 |  502.0 |
               +--------+--------+--------+--------+--------+-----+--------+

Top non-repeatable levels by time:
     D:7: 1650 daAuts
     D:2: 1466 daAuts
     D:3: 1400 daAuts
     D:1: 1162 daAuts
     D:6: 1060 daAuts
     D:5: 1016 daAuts
     D:4: 1013 daAuts
   Sewer: 649 daAuts
 Ossuary: 502 daAuts
     D:8: 96 daAuts
  Temple: 2 daAuts
